 Dungeon Crawl Stone Soup version 0.31-a0-1074-g0b22e4e0f1 (webtiles) character file.

Game seed: 7133565812238140163

82225 Beryl the Brawler (level 15, -8/150 HPs)
             Began as a Troll Shapeshifter on Dec 5, 2023.
             Was the Champion of Kikubaaqudgha.
             Mangled by a boulder beetle (38 damage)
             ... on level 1 of the Spider Nest.
             The game lasted 01:33:11 (17108 turns).

Beryl the Brawler (Troll Shapeshifter)             Turns: 17108, Time: 01:33:14

Health: -8/150     AC:  3    Str: 28      XL:     15   Next: 28%
Magic:  0/18       EV: 10    Int:  9      God:    Kikubaaqudgha [******]
Gold:   1476       SH:  0    Dex: 12 (13) Spells: 13/20 levels left

rFire   . .          .
                       - Unarmed
rCold   . . .        (no shield)
rNeg    . . .        H - melded +3 robe of Clouds {*Thunder rCloud rElec}
rPois   +            C - +1 hat of the Sacrificial Victim {Regen+ Int+3}
rElec   .            (no cloak)
rCorr   +            (gloves unavailable)
SInv    .            (boots unavailable)
Will    +....        n - amulet of guardian spirit
Stlth   +            Z - ring of resist corrosion
HPRegen 2.05/turn    S - ring of poison resistance
MPRegen 0.16/turn

%: guardian spirit
@: confused, mighty, maw-form
A: devouring maw, large, unfitting armour, claws 3, regeneration 1, shaggy fur
1, tough skin 1, hooves 1
a: Begin Untransformation, Renounce Religion, Unearth Wretches, Torment


You were on level 1 of the Spider Nest.
You worshipped Kikubaaqudgha.
Kikubaaqudgha was exalted by your worship.
You were a creature with a mouth for a stomach.
You visited 4 branches of the dungeon, and saw 20 of its levels.
You also visited: Bailey and Ice Cave.

You collected 1902 gold pieces.
You spent 426 gold pieces at shops.

Inventory:

Missiles
 s - 11 javelins (quivered)
 L - 4 throwing nets
Armour
 o - a +2 robe of resistance
 B - +0 acid dragon scales
 C - the +1 hat of the Sacrificial Victim (worn) {Regen+ Int+3}
   (You acquired it in a bailey)

   Int+3:     It affects your intelligence (+3).
   Regen+:    It increases your rate of health regeneration.
 H - the +3 robe of Clouds (melded) {*Thunder rCloud rElec}
   (You found it in a bailey)

   *Thunder:  It occasionally creates storm clouds above nearby enemies.
   rCloud:    It grants its wearer immunity to clouds.
   rElec:     It insulates you from electricity.
 U - a scarf of shadows
Jewellery
 d - a +4 ring of protection
 n - an amulet of guardian spirit (around neck)
 q - a ring of protection from cold
 u - an amulet of the acrobat
 v - a ring of flight
 w - a +4 ring of protection
 J - a +6 ring of dexterity
 K - a +6 ring of intelligence
 P - the ring of Eternal Night {rPois rC- AC+4 Int-4 Slay+4}
   (You found it in an ice cave)

   [ring of protection]

   AC+4:      It affects your AC (+4).
   Int-4:     It affects your intelligence (-4).
   Slay+4:    It affects your accuracy & damage with ranged weapons and melee
   (+4).
   rC-:       It makes you vulnerable to cold.
   rPois:     It protects you from poison
 Q - a +5 ring of evasion
 R - the ring "Docsybag" {rElec rC+ MP+9}
   (You found it in an ice cave)

   [ring of magical power]

   rC+:       It protects you from cold.
   rElec:     It insulates you from electricity.
   MP+9:      It affects your magic capacity (+9).
 S - a ring of poison resistance (right claw)
 Z - a ring of resist corrosion (left claw)
Talismans
 x - a maw talisman (active)
Wands
 a - a wand of roots (13)
 l - a wand of acid (10)
 y - a wand of flame (8)
 I - a wand of digging (3)
 N - a wand of paralysis (5)
Scrolls
 g - 2 scrolls of poison
 i - 2 scrolls of fear
 k - 2 scrolls of summoning
 r - 3 scrolls of enchant armour
 D - a scroll of amnesia
 F - 3 scrolls of teleportation
 G - 2 scrolls of blinking
 V - a scroll of fog
 X - a scroll of revelation
Potions
 b - 3 potions of lignification
 c - 2 potions of mutation
 e - 2 potions of resistance
 f - a potion of haste
 p - a potion of might
 t - a potion of cancellation
 z - 5 potions of curing
 A - 2 potions of brilliance
 M - a potion of enlightenment
 T - a potion of attraction
Miscellaneous
 Y - a condenser vane


   Skills:
 - Level 10.3 Fighting
 - Level 1.5 Dodging
 - Level 0.2 Stealth
 + Level 17.1 Unarmed Combat
 - Level 3.0 Spellcasting
 * Level 5.3 Necromancy
 - Level 0.7 Evocations
 + Level 14.5 Shapeshifting


You had 13 spell levels left.
You knew the following spells:

 Your Spells              Type           Power      Damage    Failure   Level
a - Vampiric Draining     Necr           10%        2d6       11%         3
b - Sublimation of Blood  Necr           10%        N/A       5%          2
c - Cigotuvi's Dreadful   Necr/Pois/Air  8%         N/A       22%         2

Your spell library contained the following spells:

 Spells                   Type           Power      Damage    Failure   Level
 Necrotise                Necr           40%        1d6       3%          1
 Ensorcelled Hibernation  Hex/Ice        2%         N/A       41%         2
 Jinxbite                 Hex            2%         N/A       41%         2
 Wereblood                Tmut           1%         N/A       41%         2
 Hailstorm                Conj/Ice       1%         3d3       65%         3
 Ignite Poison            Fire/Tmut/Pois 1%         N/A       65%         3
 Inner Flame              Hex/Fire       1%         N/A       65%         3
 Agony                    Necr           10%        N/A       67%         5
 Anguish                  Hex/Necr       3%         N/A       69%         4
 Borgnjor's Vile Clutch   Necr/Erth      3%         N/A       95%         5
 Summon Ice Beast         Ice/Summ       1%         N/A       96%         4
 Vhi's Electric Charge    Tloc/Air       2%         N/A       96%         4
 Death Channel            Necr           5%         N/A       99%         6
 Alistair's Intoxication  Tmut/Pois      0%         N/A       100%        5
 Arcjolt                  Conj/Air       0%         1d10      100%        5
 Freezing Cloud           Conj/Ice/Air   0%         6-21      100%        5
 Irradiate                Conj/Tmut      0%         3d11      100%        5
 Yara's Violent Unravell  Hex/Tmut       0%         3d3       100%        5
 Eringya's Noxious Bog    Tmut/Pois      0%         4d6       100%        6
 Plasma Beam              Fire/Air       0%         2x1d10    100%        6
 Simulacrum               Ice/Necr       3%         N/A       100%        6
 Enfeeble                 Hex            0%         N/A       100%        7
 Haunt                    Necr/Summ      3%         N/A       100%        7
 Summon Hydra             Summ           0%         N/A       100%        7
 Borgnjor's Revivificati  Necr           5%         N/A       100%        8
 Infestation              Necr           5%         N/A       100%        8
 Death's Door             Necr           5%         N/A       100%        9


Dungeon Overview and Level Annotations

Branches:
Dungeon (13/15)            Temple (1/1) D:6            Lair (5/5) D:10
  Swamp (0/4) Lair:2       Spider (1/4) Lair:2        Slime (0/5) Lair:5
    Orc (0/2) D:11         Bailey (visited)           IceCv (visited)
 Vaults: D:13-14

Altars:
Ashenzari
Cheibriados
Dithmenos
Elyvilon
Fedhas
Gozag
Hepliaklqana
Kikubaaqudgha
Makhleb
Nemelex Xobeh
Okawaru
Qazlal
Ru
Sif Muna
Trog
Uskayaw
Vehumet
Wu Jian
Xom
Yredelemnul
Zin
The Shining One
Jiyva

Shops:
D:1 ((   D:5 [   D:9 *

Annotations:
Spider:1 Frances


Innate Abilities, Weirdness & Mutations

You are a creature with a mouth for a stomach.
Your midsection houses a second, enormous mouth.
You are too large for most types of armour.
You have claws for hands.
Your natural rate of healing is unusually fast.
You are covered in fur. (AC +1)
You have tough skin. (AC +1)
You have large cloven feet.


Message History

The tarantella's many legs skitter faintly.
You bite the tarantella!!
The tarantella is severely wounded.
The tarantella touches you!
You closely miss the tarantella.
The tarantella is severely wounded.
You feel you are being watched by something.
You feel your power leaking away. The tarantella completely misses you.
You feel very mighty all of a sudden.
A nearby redback perishes wretchedly. x2
You feel you are being watched by something.
The tarantella barely misses you.
The moth of wrath goads the boulder beetle on!
The boulder beetle goes berserk!
The pharaoh ant bites you!! The boulder beetle bites you!!
You feel you are being watched by something.
The tarantella touches you!
You are confused.
You miss the tarantella. Your kick misses the tarantella.
Your claw misses the tarantella. The tarantella barely misses you.
The moth of wrath goads the tarantella on!
The tarantella goes berserk!
The pharaoh ant completely misses you. The boulder beetle barely misses you.
The tarantella touches you! The tarantella closely misses you.
You miss the tarantella. Your kick misses the tarantella.
Your bite misses the tarantella.
The tarantella is severely wounded.
Something hits you!
You feel clumsy.
Deactivating autopickup; reactivate with Ctrl-A.
Something hits you!
* * * LOW HITPOINT WARNING * * *
Something stings you.
* * * LOW HITPOINT WARNING * * *
The tarantella completely misses you. The pharaoh ant barely misses you.
The moth of wrath goads the tarantella on!
The tarantella goes berserk!
The boulder beetle bites you!!!
You die...
Kikubaaqudgha rasps: "You have failed me!
Welcome... death!"

..(.. !.#...~≈
..... #......
......#...^. #
# ......... >#
.....^#.^. #..#
....#†...#...≈~
.?.#...ys>..#~~
#....@.W.s....~
.....wBsB......
......#†#..#)..
.......#..... ^
....# # . ....#
.... .......
#.. .. .... .#
..#..#.


You could see Frances, a boulder beetle (berserk), a steelbarb worm, a moth of
wrath, a pharaoh ant and 3 tarantellas.

Vanquished Creatures
  Gastronok (Lair:1)
  A white draconian (IceCv)
  A dire elephant (Lair:5)
  The ghost of gribnar the Unseen, a journeyman VSFi of Uskayaw (Lair:5)
  Fannar (Lair:2)
  Harold (D:10)
  4 hydras
  2 catoblepae
  5 two-headed ogres
  7 death yaks
  A deep troll shaman (Lair:5)
  A boulder beetle (D:11)
  Urug (D:11)
  A dancing weapon (Lair:5)
  The ghost of kd29 the Merchant of Misery, a novice DsNe of Kikubaaqudgha (D:9)
  Nergalle (Lair:2)
  3 skysharks
  A pharaoh ant (Lair:2)
  The ghost of BubbleThief the Fighter, a novice NaVM of Elyvilon (D:6)
  An ugly thing (D:12)
  3 manticores
  4 oklob plants
  3 cyclopes
  24 elephants
  2 ice statues (IceCv)
  4 black mambas
  A gargoyle (Bailey)
  2 kobold demonologists (D:12)
  9 rime drakes
  11 cane toads
  An unseen horror (D:12)
  Psyche (D:10)
  5 komodo dragons
  2 polar bears (Lair:5)
  A troll (D:6)
  16 blink frogs
  2 jumping spiders (Lair:2)
  30 yaks
  A slime creature (Lair:4)
  A shadow (D:10)
  Eustachio (D:6)
  A vampire (Bailey)
  2 wraiths
  A wyvern (D:9)
  3 basilisks
  Menkaure (D:7)
  3 acid dragons
  15 water moccasins
  3 orc warriors
  An ice beast (D:6)
  A sky beast (D:7)
  3 black bears (Lair:5)
  2 ogres
  12 wolves
  4 centaurs
  4 phantoms
  A kobold brigand (D:8)
  12 bullfrogs
  3 gnoll sergeants
  2 scorpions (Lair:2)
  10 wights
  6 killer bees
  A lindwurm simulacrum (IceCv)
  6 vampire bats (Bailey)
  4 electric eels
  7 wolf zombies (Bailey)
  3 lava snakes (Lair:5)
  9 komodo dragon simulacra (IceCv)
  5 orc priests
  7 hounds
  5 iguanas
  9 jellies
  3 iron imps (D:8)
  5 orc wizards
  2 sleepcaps
  5 hell rats (Lair:5)
  11 gnolls
  8 adders
  6 acid dragon simulacra (IceCv)
  3 white imps
  6 ufetubi
  5 steam dragon simulacra (IceCv)
  3 worms
  18 orcs
  29 endoplasms
  3 giant cockroaches
  10 goblins
  4 hobgoblins
  A jackal (D:1)
  4 quokkas (D:1)
  7 ball pythons
  4 bats
  5 frilled lizards
  12 kobolds
  19 orc zombies (Bailey)
  3 rats
482 creatures vanquished.

Vanquished Creatures (collateral kills)
  A hound (D:6)
1 creature vanquished.

Vanquished Creatures (others)
  A cane toad (Lair:5)
  A rime drake (IceCv)
  A yak (Lair:3)
  2 redbacks (Spider:1)
  A black bear (Lair:3)
6 creatures vanquished.

Grand Total: 489 creatures vanquished

Notes
Turn   | Place    | Note
-------+----------+-------------------------------------------
     0 | D:1      | Beryl the Troll Shapeshifter began the quest for the Orb.
     0 | D:1      | Reached XP level 1. HP: 18/18 MP: 0/0
    12 | D:1      | Reached skill level 1 in Fighting
   102 | D:1      | Reached XP level 2. HP: 27/27 MP: 1/1
   147 | D:1      | Found Guituaw's Antique Weapon Shop.
   257 | D:1      | Found Hethri Pank's Weapon Emporium.
   612 | D:2      | Reached XP level 3. HP: 31/33 MP: 2/2
   971 | D:2      | Reached skill level 4 in Unarmed Combat
  1242 | D:2      | Found a shadowy altar of Dithmenos.
  1242 | D:2      | Found a broken altar of Ashenzari.
  1242 | D:2      | Found a radiant altar of Vehumet.
  1242 | D:2      | Found a sparkling altar of Nemelex Xobeh.
  1242 | D:2      | Found a radiant altar of Vehumet.
  1242 | D:2      | Found a basalt altar of Yredelemnul.
  1246 | D:2      | Reached XP level 4. HP: 36/41 MP: 1/3
  1251 | D:2      | Reached skill level 5 in Unarmed Combat
  1253 | D:2      | Reached XP level 5. HP: 44/48 MP: 1/4
  1624 | D:3      | Identified the +4 ring mail "Vissor" {rC+++ Str+4 SInv
                  | Stlth-}
  2571 | D:4      | Reached skill level 6 in Unarmed Combat
  2628 | D:4      | Reached XP level 6. HP: 55/55 MP: 5/5
  2924 | D:4      | Reached skill level 7 in Unarmed Combat
  2924 | D:4      | Reached XP level 7. HP: 37/65 MP: 1/6
  3442 | D:5      | Entered Level 5 of the Dungeon
  3481 | D:5      | Found a stormy altar of Qazlal.
  3535 | D:5      | Found a broken altar of Ashenzari.
  3709 | D:5      | Found Yqoestem's Antique Armour Boutique.
  3717 | D:5      | Bought an embroidered robe for 96 gold pieces
  3872 | D:5      | Reached skill level 8 in Unarmed Combat
  4143 | D:6      | Reached XP level 8. HP: 68/74 MP: 5/7
  4207 | D:6      | Reached skill level 9 in Unarmed Combat
  4298 | D:6      | Found a staircase to the Ecumenical Temple.
  4300 | D:6      | Found a runed translucent gate.
  4300 | D:6      | Found a runed translucent gate.
  4307 | Temple   | Entered the Ecumenical Temple
  4330 | Temple   | Became a worshipper of Kikubaaqudgha
  4376 | D:6      | Found a runed translucent gate.
  4379 | D:6      | Found an opulent altar of Gozag.
  4380 | D:6      | Noticed a troll
  4380 | D:6      | Noticed BubbleThief's ghost (novice NaVM)
  4409 | D:6      | Noticed Eustachio
  4413 | D:6      | Killed Eustachio
  4684 | D:6      | Reached skill level 10 in Unarmed Combat
  4690 | D:6      | Reached skill level 5 in Shapeshifting
  4701 | D:6      | Killed a troll
  4702 | D:6      | Reached XP level 9. HP: 11/84 MP: 1/8
  4719 | D:6      | Killed BubbleThief's ghost
  4981 | D:7      | Reached skill level 11 in Unarmed Combat
  5136 | D:7      | Reached * piety under Kikubaaqudgha
  5136 | D:7      | Received a gift from Kikubaaqudgha
  5143 | D:7      | Learned a level 3 spell: Vampiric Draining
  5239 | D:7      | Noticed Menkaure
  5247 | D:7      | Killed Menkaure
  5645 | D:8      | Found a burning altar of Makhleb.
  5687 | D:8      | Noticed a two-headed ogre
  5695 | D:8      | Killed a two-headed ogre
  5808 | D:8      | Reached skill level 12 in Unarmed Combat
  5808 | D:8      | Reached XP level 10. HP: 71/94 MP: 6/9
  6262 | D:8      | Found a glowing silver altar of Zin.
  6456 | D:8      | Reached skill level 5 in Fighting
  6816 | D:9      | Noticed kd29's ghost (novice DsNe)
  6820 | D:9      | Found a runed translucent door.
  6833 | D:9      | Found Gumuf's Assorted Antiques.
  6841 | D:9      | Bought a twisted emerald ring for 165 gold pieces
  6841 | D:9      | Bought a marble ring for 165 gold pieces
  6932 | D:9      | Reached ** piety under Kikubaaqudgha
  7017 | D:9      | Killed kd29's ghost
  7128 | D:9      | Found a flagged portal.
  7137 | Bailey   | Entered a bailey
  7211 | Bailey   | Noticed a gargoyle
  7219 | Bailey   | Killed a gargoyle
  7392 | Bailey   | Found the +3 robe of Clouds {*Thunder rCloud rElec}
  7398 | Bailey   | Reached *** piety under Kikubaaqudgha
  7398 | Bailey   | Received a gift from Kikubaaqudgha
  7426 | Bailey   | Learned a level 2 spell: Sublimation of Blood
  7559 | Bailey   | Identified a scroll of acquirement
  7559 | Bailey   | Acquired the +1 hat of the Sacrificial Victim {Regen+
                  | Int+3}
  7830 | D:10     | Entered Level 10 of the Dungeon
  7836 | D:10     | Noticed Psyche
  7849 | D:10     | Killed Psyche
  7966 | D:10     | Reached XP level 11. HP: 103/106 MP: 8/10
  8119 | D:10     | Paralysed by a wight for 2 turns
  8157 | D:10     | Found a staircase to the Lair.
  8304 | D:10     | Reached XP level 12. HP: 122/122 MP: 11/11
  8305 | D:10     | Reached XP level 13. HP: 132/132 MP: 12/12
  8308 | D:10     | Gained mutation: You have large cloven feet. [potion of
                  | mutation]
  8357 | D:10     | Reached **** piety under Kikubaaqudgha
  8418 | D:10     | Noticed Harold
  8428 | D:10     | Killed Harold
  8526 | D:11     | Reached skill level 1 in Necromancy
  8697 | D:11     | Noticed Urug
  8714 | D:11     | Killed Urug
  8777 | D:11     | Found a staircase to the Orcish Mines.
  8871 | D:11     | Reached skill level 10 in Fighting
 10127 | D:12     | Reached skill level 13 in Unarmed Combat
 10203 | D:12     | Learned a level 2 spell: Cigotuvi's Dreadful Rot
 10309 | Lair:1   | Entered Level 1 of the Lair of Beasts
 10309 | Lair:1   | Noticed Gastronok
 10325 | Lair:1   | Killed Gastronok
 10631 | Lair:1   | Found a frozen archway.
 10645 | IceCv    | Entered an ice cave
 10648 | IceCv    | Reached ***** piety under Kikubaaqudgha
 10968 | IceCv    | Noticed a white draconian
 10980 | IceCv    | Killed a white draconian
 11014 | IceCv    | Identified the ring of Eternal Night {rPois rC- AC+4 Int-4
                  | Slay+4}
 11018 | IceCv    | Identified the ring "Docsybag" {rElec rC+ MP+9}
 11416 | Lair:1   | Reached skill level 14 in Unarmed Combat
 11416 | Lair:1   | Reached XP level 14. HP: 143/143 MP: 5/13
 11986 | Lair:2   | Found a staircase to the Swamp.
 12093 | Lair:2   | Noticed Fannar
 12115 | Lair:2   | Killed Fannar
 12526 | Lair:2   | Noticed Nergalle
 12539 | Lair:2   | Killed Nergalle
 12682 | Lair:2   | Found a hole to the Spider Nest.
 12962 | Lair:3   | Reached skill level 1 in Spellcasting
 13304 | Lair:3   | Reached skill level 15 in Unarmed Combat
 13363 | Lair:3   | Reached skill level 5 in Necromancy
 14359 | Lair:4   | Reached ****** piety under Kikubaaqudgha
 14362 | Lair:4   | Received a gift from Kikubaaqudgha (forbidden knowledge)
 15147 | Lair:5   | Entered Level 5 of the Lair of Beasts
 15225 | Lair:5   | Reached skill level 16 in Unarmed Combat
 15242 | Lair:5   | Found a runed translucent door.
 15243 | Lair:5   | Found a shimmering altar of Xom.
 15243 | Lair:5   | Noticed gribnar's ghost (journeyman VSFi)
 15259 | Lair:5   | Killed gribnar's ghost
 15717 | Lair:5   | Reached XP level 15. HP: 122/150 MP: 13/18
 15962 | Lair:5   | Identified the +3 sling "Newtbane" {flame, Contam Str+3
                  | Dex+3}
 16256 | Lair:5   | Reached skill level 17 in Unarmed Combat
 16634 | Lair:5   | Found a viscous altar of Jiyva.
 16636 | Lair:5   | Found a staircase to the Slime Pits.
 17102 | Spider:1 | Entered Level 1 of the Spider Nest
 17102 | Spider:1 | Noticed Frances
 17108 | Spider:1 | Mangled by a boulder beetle

Illustrated notes

Levels and vault maps discovered:
D:1:      reono_arrival_forest_river, layout_rooms, serial_shops,
          nicolae_lakefront_shop, shop, st_stairs_9
D:2:      cheibrodos_fertilizer, layout_loops_corners
D:3:      layout_basic, minmay_misc_feat_five
D:4:      layout_basic
D:5:      layout_loops_ring, nicolae_qazlal_general_emergency,
          mainiacjoe_overflow_concentric_impassable, serial_shops,
          nicolae_shop_stone
D:6:      layout_basic, minmay_temple_entry_wispy, ebering_ghost_gozag,
          uniq_eustachio
D:7:      layout_loops_ring, uniq_menkaure
D:8:      layout_basic, demons_altar, zin_scriptorium, grunt_ministairs_11
D:9:      layout_irregular_city, hellmonk_ghost_happy_afterlife, enter_bailey_3,
          serial_shops, nicolae_shop_just_a_little_nook
D:10:     layout_roguey, david_lair_shrubbed, uniq_harold, uniq_psyche
D:11:     layout_loops_ring, orc_0_dummy, uniq_urug
D:12:     layout_irregular_city
D:13:     minmay_heptahexagon, layout_basic, minmay_shattered_shrine
Temple:   dpeg_three_leaves_temple
Lair:1:   layout_regular_city, portal_ice_cave_rime, minmay_lair_oklob_bushes,
          serial_bayou_shore_a, uniq_gastronok
Lair:2:   layout_loops_ring, swamp_mist, nicolae_spider_entry_lesser_pyramids,
          uniq_nergalle, uniq_fannar
Lair:3:   layout_small_grid
Lair:4:   lemuel_slime, layout_layer_cave, grunt_forest_small_clearings
Lair:5:   grunt_lair_end_beastmaster, layout_hall_layers,
          minmay_slime_entry_oklob_enclosed, ebering_ghost_xom,
          nicolae_lair_liquid_snakes
Spider:1: layout_spider_delve, uniq_frances

Skill      XL: |  1  2  3  4  5  6  7  8  9 10 11 12 13 14 15 |
---------------+----------------------------------------------+-----
Fighting       | 1 2 3 4 6 8 9 10 | 10.3
Unarmed Combat | 4 5 6 7 8 10 12 14 16 17 | 17.1
Shapeshifting  | 4 5 6 9 11 12 13 14 | 14.5
Necromancy     | 3 5 |  5.3
Spellcasting   | 2 3 |  3.0
Dodging        | |  1.5
Stealth        | |  0.2
Evocations     | |  0.7

Action                     |  1- 3 |  4- 6 |  7- 9 | 10-12 | 13-15 || total
---------------------------+-------+-------+-------+-------+-------++-------
  Melee: Unarmed           |   115 |    69 |   173 |   256 |   631 ||  1244
         Punch             |     4 |     1 |     8 |     1 |    67 ||    81
         Kick              |       |       |       |       |   253 ||   253
         Maw               |       |       |       |       |   237 ||   237
  Throw: Javelin           |       |       |     4 |       |    37 ||    41
 Invoke: Unearth Wretches  |       |       |       |       |     3 ||     3
         Receive Forbidden |       |       |       |       |     1 ||     1
  Evoke: Wand              |       |       |       |    19 |    25 ||    44
    Use: Scroll            |     3 |     4 |     4 |     3 |     3 ||    17
         Potion            |       |     4 |     6 |     8 |    12 ||    30
   Stab: Sleeping          |     1 |       |       |       |     3 ||     4
         Distracted        |     1 |       |       |       |       ||     1
 Armour: Animal skin       |    54 |    36 |       |       |       ||    90
         Robe              |       |     7 |   117 |   228 |       ||   352
         Skin              |       |       |       |       |   550 ||   550
  Dodge: Dodged            |    45 |    24 |    68 |   114 |   200 ||   451
   Form: Beast             |     1 |       |       |       |       ||     1
         Flux              |       |       |       |     1 |       ||     1
         Maw               |       |       |       |       |     1 ||     1

Table legend: (Time is in decaauts)
 A = Elapsed time spent in this place.
 B = Non-inter-level travel time spent in this place.
 C = Inter-level travel time spent in this place.
 D = Time resting spent in this place.
 E = Time spent auto-exploring this place.
 F = Levels seen in this place.
 G = Mean time per level.
                   A        B        C        D        E       F      G
               +--------+--------+--------+--------+--------+-----+--------+
         Total |  16779 |  16210 |    569 |   1132 |  11764 |  22 |  762.7 |
       Dungeon |   9700 |   9355 |    345 |    423 |   7176 |  13 |  746.2 |
        Temple |     33 |     33 |      0 |      0 |      0 |   1 |   33.0 |
          Lair |   6060 |   5837 |    223 |    554 |   4171 |   5 | 1212.0 |
   Spider Nest |      4 |      4 |      0 |      0 |      0 |   1 |    4.0 |
        Bailey |    449 |    449 |      0 |     55 |    176 |   1 |  449.0 |
      Ice Cave |    531 |    531 |      0 |    100 |    241 |   1 |  531.0 |
               +--------+--------+--------+--------+--------+-----+--------+

Top non-repeatable levels by time:
  Lair:5: 1815 daAuts
  Lair:4: 1218 daAuts
  Lair:1: 1079 daAuts
     D:8: 1022 daAuts
     D:2: 1011 daAuts
    D:11: 996 daAuts
  Lair:2: 982 daAuts
  Lair:3: 964 daAuts
     D:4: 949 daAuts
     D:3: 934 daAuts
     D:7: 745 daAuts
    D:12: 739 daAuts
    D:10: 726 daAuts
     D:9: 718 daAuts
     D:5: 682 daAuts
